AoeStats
← Habadoon

Arabia

510440704Analyzed
1v1 RM · 2d ago on Oct 1, 2026· 46m 8s· 2 players
Game mode
Random Map
Map size
Tiny (2 player)
Population
200
Speed
Normal
Resources
Standard
Victory
Conquest
Starting age
Dark Age
Ending age
Imperial Age
RankedLock teamsTeams togetherTeam positionsShared explorationLock speedFull tech treeHidden civsTurbo modeCheats
Victory
Defeat
🇺🇸 Mongols · United States
715
+20
🇦🇷 Vietnamese · Argentina
808
-55
junstar
11:26 Feudal Age
10:08 Loom
11:54 Feudal Age
13:28 Double-Bit Axe
13:33 Horse Collar
16:40 Castle Age
29:49 Bloodlines
32:08 Ballistics
34:28 Imperial Age
33:25 Fletching
33:44 Scale Barding Armor
35:05 Gold Mining
36:02 Chain Barding Armor
40:48 Pikeman
43:08 Gold Shaft Mining
Habadoon
7:44 Loom
10:01 Feudal Age
15:42 Double-Bit Axe
15:51 Fletching
21:45 Castle Age
22:49 Bow Saw
24:24 Horse Collar
27:26 Padded Archer Armor
27:23 Bodkin Arrow
27:49 Husbandry
28:00 Bloodlines
28:15 Thumb Ring
28:03 Town Watch
30:28 Treadmill Crane
31:19 Masonry
36:58 Imperial Age
36:20 Wheelbarrow
36:08 Ballistics
40:58 Light Cavalry
44:02 Scale Barding Armor
Connection lost

Rejoining the realm…

Still unreachable

The connection could not be restored.

Session expired

The server has moved on; the page needs a fresh start.